Map: Radhuset Station LE

Players

Subwayeatn - Winner!

  • Race: Terran Terran
  • League: Platinum
  • Spawn Location: 7:00

LTdan

  • Race: Terran Terran
  • League: Platinum
  • Spawn Location: 1:00

VOD

Have the link to the VOD?

Description

Time

  • Played on: Nov. 7, 2023, 10:20 p.m.
  • Length: 15:50
Show
View Real Time Build Order
Export as new Build Order

Subwayeatn Terran - Winner!

Build Orders:  

Get SALT Encoding   

  12  0:00  SCV  
  13  0:12  SCV  
  14  0:19  Supply Depot  
  14  0:25  SCV  
  15  0:40  SCV  
  15  0:42  Barracks  
  16  0:53  SCV  
  17  0:58  Refinery  
  17  1:05  SCV  
  18  1:12  Barracks  
  18  1:19  SCV  
  19  1:30  Supply Depot  
  19  1:31  SCV  
  20  1:37  Marine  
  21  1:44  SCV  
  22  1:52  Supply Depot  
  22  1:56  SCV  
  23  2:02  Barracks Tech Lab  
  23  2:05  Barracks Reactor  
  23  2:15  Orbital Command  
  23  2:16  Refinery  
  23  2:47  Barracks  
  23  2:54  Combat Shield  
  23  2:56  Command Center, Marauder, Marine  
  26  2:59  Marine  
  27  3:06  SCV  
  28  3:18  SCV  
  28  3:25  Marine x2  
  28  3:26  Marauder  
  32  3:36  SCV  
  33  3:48  SCV  
  34  3:49  Supply Depot  
  34  3:53  Barracks Tech Lab  
  34  3:55  Supply Depot  
  34  3:56  Marauder  
  34  3:59  Marine  
  34  4:01  Marine  
  38  4:13  Stimpack, Factory  
  38  4:18  Marauder  
  38  4:22  Marauder  
  42  4:30  SCV  
  43  4:41  Orbital Command  
  43  4:46  SCV  
  44  4:55  Marauder  
  44  4:56  Marauder  
  44  4:59  Marine x2  
  50  5:15  SCV x2  
  50  5:16  Marine  
  53  5:22  Starport  
  53  5:27  SCV x2  
  55  5:32  Refinery  
  55  5:37  Supply Depot  
  55  5:39  SCV x2  
  57  5:48  Marine x2  
  57  5:49  Marauder, Marine  
  62  5:51  SCV x2  
  62  5:52  Concussive Shells  
  64  6:00  Starport  
  64  6:03  SCV  
  65  6:06  Marine  
  65  6:07  Marauder  
  65  6:11  Marauder  
  70  6:13  Factory Reactor  
  70  6:17  SCV x2  
  72  6:19  Marine  
  72  6:24  Supply Depot, Marine  
  72  6:25  Supply Depot  
  74  6:26  Supply Depot  
  74  6:27  Medivac  
  74  6:28  Marauder  
  78  6:43  Starport Reactor  
  78  6:46  Marauder, SCV x2  
  82  6:49  Supply Depot  
  82  6:51  Supply Depot x2  
  82  6:53  Marine, Marauder  
  85  6:58  SCV x2  
  87  7:08  Marauder  
  89  7:09  Engineering Bay  
  89  7:10  SCV  
  89  7:15  Marauder  
  50  7:47  Marine x4  
  50  7:49  Starport Reactor  
  50  7:50  Medivac x2  
  58  7:53  SCV x2  
  59  8:05  SCV, Marine  
  60  8:10  Marine x2  
  60  8:11  Marauder  
  65  8:16  SCV  
  65  8:18  SCV  
  65  8:19  Medivac  
  67  8:20  Medivac  
  67  8:22  Marine  
  72  8:28  SCV, Marine  
  72  8:29  Marauder  
  72  8:32  Marauder  
  72  8:33  Command Center  
  78  8:40  Marine  
  79  8:44  Terran Infantry Weapons Level 1  
  79  8:45  Marine  
  79  8:46  SCV x2  
  82  8:49  Medivac  
  82  8:50  Marauder  
  82  8:53  Marauder  
  82  8:54  Refinery  
  88  8:58  SCV, Marine  
  90  9:03  Marine  
  91  9:11  Marauder  
  91  9:14  Marine  
  91  9:16  Marine  
  96  9:17  SCV x2  
  97  9:25  Marine  
  98  9:32  Marine x2  
  98  9:34  Marine  
  101  9:43  Marine  
  99  9:50  Marauder  
  99  9:51  Marine, Marauder  
  89  10:01  Marine  
  82  10:09  Marine  
  82  10:12  Marauder, Marine  
  84  10:16  Medivac x3  
  84  10:19  Marine  
  91  10:25  SCV x3  
  91  10:27  Marine  
  95  10:30  Marauder  
  95  10:33  Marauder  
  95  10:34  Barracks  
  99  10:36  Marine  
  99  10:37  SCV  
  99  10:39  Barracks  
  101  10:43  Barracks  
  101  10:45  Marine  
  102  10:51  Marine  
  102  10:54  Marine x2  
  105  11:03  Marine  
  104  11:09  Marine  
  99  11:12  Marine x2  
  97  11:20  Marine  
  97  11:26  Marine  
  97  11:30  Marine x2  
  100  11:38  Marine  
  101  11:40  Marine  
  101  11:41  Marine x3  
  101  11:44  Marine  
  102  11:47  Marine  
  102  11:48  Marine  
  98  11:56  Marine  
  98  11:58  Marine x2  
  100  12:03  Marauder  
  100  12:06  Marauder, Marine  
  101  12:12  Barracks Reactor  
  101  12:14  Barracks Reactor, Marine  
  100  12:16  Marine x2  
  100  12:17  SCV x3  
  105  12:24  Marauder  
  105  12:27  Marauder  
  109  12:36  Marine  
  110  12:37  Marine x3  
  110  12:40  Viking x2  
  110  12:41  Viking  
  110  12:42  Viking  
  121  12:45  Marauder  
  121  12:49  Marauder  
  125  12:51  Marine x3  
  125  12:52  Marine  
  125  12:54  Marine  
  125  12:55  Marine x3  
  133  13:07  Marauder  
  133  13:09  Marine x4  
  133  13:10  Marauder  
  141  13:21  Command Center  
  141  13:40  Supply Depot  
  141  13:41  Supply Depot  
  141  13:43  Supply Depot  
  141  13:46  Supply Depot  
  141  13:48  Supply Depot  
  141  14:02  Viking, Medivac, Marauder, Marine x9  
  156  14:04  Viking x2  
  154  14:19  Marine x6  
  154  14:20  Marine x3  
  154  14:23  Marine  
  164  14:32  Viking  
  164  14:36  Missile Turret  
  164  14:37  Marine x6  
  164  14:38  Marine x3  
  175  14:41  Marine  
  165  14:55  Marine x6  
  165  14:56  Marine x3  
  165  14:57  Missile Turret  
  165  14:59  Marine  
  170  15:16  Marine  
  170  15:20  Missile Turret  
  164  15:40  Missile Turret  
Show
View Real Time Build Order
Export as new Build Order

LTdan Terran 

Build Orders: Reaper Expand 

Get SALT Encoding   

  12  0:00  SCV  
  13  0:12  SCV  
  14  0:18  Supply Depot  
  14  0:24  SCV  
  15  0:39  SCV  
  15  0:41  Barracks  
  16  0:45  Refinery  
  16  0:51  SCV  
  17  1:04  SCV  
  18  1:16  SCV  
  19  1:29  Orbital Command  
  19  1:31  Barracks Reactor  
  19  1:57  Command Center  
  19  2:13  Reaper x2  
  19  2:14  SCV  
  22  2:21  Supply Depot  
  21  2:31  SCV  
  22  2:39  Barracks  
  22  2:43  SCV  
  23  2:44  Supply Depot  
  23  2:50  Factory  
  23  2:55  SCV, Marine x2  
  26  3:07  SCV  
  27  3:25  Marine x2  
  29  3:28  Orbital Command  
  29  3:30  Barracks Tech Lab  
  29  3:35  Starport  
  29  3:37  SCV  
  29  3:39  Refinery  
  29  3:40  Supply Depot  
  30  3:51  SCV  
  30  3:52  Marine x2  
  33  3:56  Factory Tech Lab  
  33  3:57  SCV  
  34  4:04  SCV  
  34  4:09  SCV  
  36  4:13  Marine x2  
  36  4:16  SCV  
  41  4:21  Siege Tank  
  42  4:27  SCV  
  43  4:39  Marine  
  43  4:40  Marine x2, Refinery  
  43  4:42  SCV  
  43  4:43  Starport Reactor, SCV  
  43  4:44  Refinery  
  48  4:48  Engineering Bay  
  48  4:50  Supply Depot  
  48  4:55  Command Center  
  48  5:03  Siege Tank  
  48  5:06  SCV  
  53  5:07  Marine, SCV  
  54  5:19  SCV x2  
  56  5:23  Marine x2  
  56  5:26  Stimpack  
  56  5:28  Medivac  
  60  5:31  Supply Depot  
  60  5:32  SCV  
  60  5:34  SCV  
  62  5:45  Siege Tank, SCV  
  62  5:46  SCV  
  67  5:52  Marine  
  67  5:53  Supply Depot  
  67  5:56  Medivac  
  67  5:57  SCV  
  71  5:59  SCV  
  72  6:06  Marine  
  73  6:17  Marine x2  
  75  6:21  Orbital Command  
  75  6:23  Siege Tank  
  75  6:24  Medivac  
  80  6:29  Supply Depot  
  80  6:30  Marine  
  80  6:32  Supply Depot  
  81  6:35  Marine  
  82  6:41  Terran Infantry Weapons Level 1  
  82  6:42  Barracks  
  82  6:44  Barracks  
  82  6:46  Marine  
  83  6:48  Marine  
  84  7:00  Supply Depot  
  84  7:03  Supply Depot  
  84  7:07  Starport  
  84  7:08  Armory, Starport  
  84  7:12  Fusion Core  
  84  7:20  Marine x3  
  77  7:33  Marine x2  
  72  7:38  Marine x3  
  70  7:50  Marine  
  70  7:51  Marine  
  72  7:54  SCV  
  72  7:55  SCV  
  72  7:56  Marine x3  
  73  8:08  Starport Tech Lab x2, Marine x2  
  73  8:11  Weapon Refit  
  76  8:12  SCV  
  76  8:13  SCV x2  
  78  8:25  SCV x2  
  78  8:26  Supply Depot  
  80  8:27  Supply Depot  
  80  8:28  Barracks Reactor x2  
  80  8:36  Marine x3  
  80  8:37  Missile Turret  
  80  8:38  Siege Tank, Missile Turret  
  80  8:39  Missile Turret  
  86  8:43  SCV x3  
  86  8:48  Terran Infantry Armor Level 1  
  89  8:51  Terran Ship Weapons Level 1  
  89  8:55  SCV x2  
  91  8:58  Refinery  
  91  9:00  Refinery  
  91  9:11  Missile Turret, Supply Depot  
  91  9:12  Missile Turret, Supply Depot  
  91  9:19  Missile Turret, Marine x6  
  91  9:20  Missile Turret, Medivac  
  91  9:21  Missile Turret x2, Medivac  
  100  9:33  Missile Turret  
  100  9:37  Marine x5  
  86  9:48  Marine  
  86  9:49  Marine  
  72  9:55  Marine x5  
  69  10:06  Marine x2  
  67  10:12  Marine  
  67  10:13  Marine x4  
  72  10:24  Marine  
  72  10:25  Marine  
  72  10:28  Command Center  
  74  10:29  Battlecruiser  
  74  10:30  Marine x2  
  74  10:32  Banshee  
  74  10:34  Command Center  
  85  10:57  Refinery  
  46  11:26  Marine  
  46  11:31  Marine  
  46  11:32  Marine  
  37  12:11  Battlecruiser  
  43  12:43  Barracks  
  43  12:58  Battlecruiser  
  43  13:03  SCV x2  
  51  13:15  SCV x2  
  51  13:18  Battlecruiser  
  59  13:27  SCV x2  
  59  13:28  Supply Depot  
  61  13:34  Orbital Command  
  61  13:46  Factory  
  61  13:47  SCV x2  
  63  13:50  Factory  
  63  13:59  SCV x2  
  65  14:03  Battlecruiser  
  44  14:22  Battlecruiser  
Tags
 
Add a new tag
Caveats
  • Supply blocks, unpowered buildings, or Contaminate may cause inaccurate times.
  • Supply counts are checked every 10 seconds.